 Dungeon Crawl Stone Soup version 0.31-a0-210-gccc998df9b (webtiles) character file.

Game seed: 18059593434516716915

641 domi the Caller (level 7, -3/46 HPs)
             Began as a Mummy Summoner on June 30, 2023.
             Slain by Pikel
             ... wielding a +2 whip of freezing
              (9 damage)
             ... on level 4 of the Dungeon.
             The game lasted 00:11:59 (4142 turns).

domi the Caller (Mummy Summoner)                    Turns: 4142, Time: 00:12:00

Health: -3/46      AC:  6    Str: 11      XL:     7   Next: 26%
Magic:  4/11       EV: 12    Int: 17      God:
Gold:   141        SH:  0    Dex: 11 (12) Spells: 2/11 levels left

rFire   . . .        (no weapon)
rCold   + + .        (no shield)
rNeg    + + +        f - +2 robe {rC+ rF+}
rPois   ∞            c - +1 helmet
rElec   .            (no cloak)
rCorr   .            (no gloves)
SInv    .            (no boots)
Will    .....        (no amulet)
Stlth   ++           (no ring)
HPRegen 0.27/turn    (no ring)
MPRegen 0.12/turn

%: faith
@: no status effects
A: cold resistance 1, negative energy resistance 3, torment resistance 2, heat
vulnerability 1, in touch with death 1, no potions, faith
a: no special abilities


You were on level 4 of the Dungeon.
You visited 1 branch of the dungeon, and saw 6 of its levels.

You collected 141 gold pieces.

Inventory:

Armour
 a - a +2 pair of gloves
   (You found it on level 5 of the Dungeon)
 c - a +1 helmet (worn)
   (You took it off Robin on level 2 of the Dungeon)
 f - a +2 robe of resistance (worn)
   (You took it off Jessica on level 2 of the Dungeon)
Scrolls
 b - 6 scrolls of identify {@r1}
 e - a scroll of vulnerability {!r!r}


   Skills:
 - Level 1.5 Dodging
 - Level 1.5 Stealth
 - Level 2.6 Spellcasting
 + Level 7.4 Summonings


You had 2 spell levels left.
You knew the following spells:

 Your Spells              Type           Power      Damage    Failure   Level
c - Call Canine Familiar  Summ           27%        N/A       2%          3
x - Call Imp              Summ           54%        N/A       1%          2
z - Summon Small Mammal   Summ           100%       N/A       1%          1
Z - Summon Guardian Gole  Hex/Summ       14%        N/A       12%         3

Your spell library contained the following spells:

 Spells                   Type           Power      Damage    Failure   Level
 Slow                     Hex            8%         N/A       19%         1
 Ensorcelled Hibernation  Hex/Ice        4%         N/A       26%         2
 Summon Lightning Spire   Summ/Air       14%        N/A       36%         4
 Confusing Touch          Hex            2%         N/A       47%         3
 Vampiric Draining        Necr           3%         2d6       47%         3
 Summon Cactus Giant      Summ           13%        N/A       78%         6
 Anguish                  Hex/Necr       1%         N/A       87%         4
 Summon Hydra             Summ           13%        N/A       100%        7
 Spider Form              Tmut/Pois      Unusable   N/A       N/A         3

Dungeon Overview and Level Annotations

Branches:
Dungeon (6/15)
 Temple: D:4-7

Altars:
Ashenzari
Nemelex Xobeh

Shops:
D:1 :

Annotations:
D:4 Edmund, Eustachio, Pikel


Innate Abilities, Weirdness & Mutations

You are immune to poison.
Your flesh is cold resistant. (rC+)
You are immune to negative energy. (rN+++)
You are immune to unholy pain and torment.
You are vulnerable to heat. (rF-)
You are in touch with the powers of death.
You do not drink.
You have a special connection with the divine. (Faith)


Message History

Keep equipping yourself? [Y]es or [N]o only, please.
Keep equipping yourself?
You stop putting on your armour.
The ufetubus barely misses you. The ufetubus hits you. The quasit misses you.
The quasit claws you but does no damage.
The quasit closely misses you.
Your hound barely misses the ufetubus.
Your hound barely misses the ufetubus.
The quasit barely misses you. x2
The quasit claws you. The ufetubus hits you. The ufetubus barely misses you.
Your hound barely misses the quasit.
Eustachio screams, "This atrocity can only be purified with blood!"
Eustachio casts a spell.
Your hound closely misses the ufetubus.
The quasit closely misses you.
The quasit claws you but does no damage. x2
The quasit attacks as you move away!
The quasit bites you but does no damage.
The quasit closely misses you. The quasit claws you.
Eustachio attacks as you move away! Eustachio hits you with a +0 rapier.
Your hound bites the ufetubus.
The ufetubus dies!
The ufetubus disappears in a puff of smoke!
Eustachio twirls his moustache.
The crimson imp blinks!
Eustachio attacks as you move away! Eustachio closely misses you.
Your hound bites Eustachio.
Eustachio mumbles some strange words.
The quasit bites you. The quasit claws you.
You feel clumsy.
The quasit claws you but does no damage.
Your hound bites Eustachio.
The bat hits you but does no damage. x2
Eustachio mumbles some strange words.
Your hound bites Eustachio but does no damage.
The quasit attacks as you move away! The quasit completely misses you.
The quasit claws you but does no damage.
The quasit closely misses you.
Your hound bites Eustachio.
The bat closely misses you. The bat hits you but does no damage.
The quasit attacks as you move away! The quasit bites you.
The quasit barely misses you.
The quasit claws you but does no damage.
The bat attacks as you move away! The bat misses you.
The bat barely misses you. The bat closely misses you.
The white imp gestures at you. The puff of frost hits your hound!
The bat misses you. The bat closely misses you.
Eustachio screams, "Hey, you killed my favourite bat!"
The quasit barely misses you.
The quasit claws you but does no damage.
The quasit closely misses you. The white imp hits your hound.
The white imp freezes your hound.
Your hound dies!
Your hound's corpse disappears in a puff of smoke!
The bat hits you but does no damage. The quasit attacks as you move away!
The quasit barely misses you. The quasit closely misses you.
The quasit claws you but does no damage.
The bat attacks as you move away! The bat hits you but does no damage.
The bat misses you. The bat barely misses you. x2
The bat attacks as you move away! The bat closely misses you.
The lemure shouts!
The bat hits you. x2
Eustachio calls on the powers of shadow!
The bat misses you. The bat attacks as you move away!
The bat hits you but does no damage. The bat barely misses you.
The bat misses you. The quasit attacks as you move away! The quasit misses you.
The quasit claws you but does no damage.
The quasit barely misses you.
Pikel shouts!
The bat hits you but does no damage. The bat completely misses you.
The quasit attacks as you move away! The quasit closely misses you.
The quasit misses you. The quasit barely misses you.
The quasit disappears in a puff of smoke!
Eustachio growls, "To hell with you, honourless miscreant!"
The bat completely misses you.
The crimson imp blinks!
The bat hits you but does no damage.
Eustachio screams, "This atrocity can only be purified with blood!"
Eustachio casts a spell.
Eustachio blinks!
Pikel hits you with a +2 whip of freezing.
* * * LOW HITPOINT WARNING * * *
Pikel freezes you.
* * * LOW HITPOINT WARNING * * *
The bat misses you. The bat closely misses you. Pikel attacks as you move away!
Pikel hits you with a +2 whip of freezing.
* * * LOW HITPOINT WARNING * * *
The bat barely misses you. The bat hits you but does no damage.
Eustachio casts a spell.
Eustachio blinks!
The lemure attacks as you move away! The lemure barely misses you.
Pikel attacks as you move away! Pikel closely misses you.
The bat barely misses you.
The river rat twitches its whiskers.
The lemure attacks as you move away! The lemure hits you.
* * * LOW HITPOINT WARNING * * *
Pikel attacks as you move away!
Pikel hits you with a +2 whip of freezing!
You die...

....# ######.### ##..5##.......
.....# #†# #...5......... .....#
###.### #............. ......#
###.....###............> .......
##.......................
.......##.........#####..........
..................# ####.......
...........@......# ##......
..... ...##....5@## ##..... .#
#....Kb# ##.... #....b## ##...
#....r# #.. #§....# ###..## #.5.#
#...# ##..##


You could see Eustachio, Pikel, a lemure, a river rat (summoned), a white imp
(summoned) and 2 bats.

Vanquished Creatures
  A ball python (D:3)
  2 goblins (D:2)
  A frilled lizard (D:2)
4 creatures vanquished.

Vanquished Creatures (collateral kills)
  An ice beast (D:3)
  2 ogres
  A phantom (D:5)
  A howler monkey (D:5)
  A hound (D:5)
  2 orc priests
  A jelly (D:3)
  Jessica (D:2)
  Robin (D:2)
  3 adders
  A shadow imp (D:5)
  An ufetubus (D:3)
  2 worms
  A dart slug (D:1)
  6 orcs
  6 endoplasms
  10 goblins
  7 hobgoblins
  5 jackals
  5 quokkas
  3 ball pythons
  2 bats
  A frilled lizard (D:2)
  A kobold (D:3)
  5 rats
70 creatures vanquished.

Grand Total: 74 creatures vanquished

Notes
Turn   | Place    | Note
-------+----------+-------------------------------------------
     0 | D:1      | domi the Mummy Summoner began the quest for the Orb.
     0 | D:1      | Reached XP level 1. HP: 13/13 MP: 4/4
   305 | D:1      | Got the Quarto of Company
   320 | D:1      | Reached XP level 2. HP: 19/19 MP: 2/5
   323 | D:1      | Learned a level 2 spell: Call Imp
   384 | D:1      | Found Seuttiy's Book Shoppe.
   855 | D:2      | Found a sparkling altar of Nemelex Xobeh.
   878 | D:2      | Reached skill level 4 in Summonings
  1001 | D:2      | Noticed Jessica
  1007 | D:2      | Killed Jessica
  1008 | D:2      | Gained mutation: You are in touch with the powers of death.
                  | [Mummy growth]
  1008 | D:2      | Reached XP level 3. HP: 24/24 MP: 1/7
  1030 | D:2      | Learned a level 3 spell: Call Canine Familiar
  1501 | D:2      | Noticed Robin
  1527 | D:2      | HP: 3/24 [goblin/+0 club[Robin] (5)]
  1641 | D:2      | Killed Robin
  1642 | D:2      | Reached XP level 4. HP: 30/30 MP: 1/8
  1973 | D:3      | Reached skill level 5 in Summonings
  2481 | D:3      | Noticed an ice beast
  2482 | D:3      | Found a broken altar of Ashenzari.
  2501 | D:3      | Killed an ice beast
  2502 | D:3      | Reached XP level 5. HP: 26/35 MP: 4/9
  2824 | D:3      | Reached skill level 6 in Summonings
  3083 | D:3      | Reached XP level 6. HP: 41/41 MP: 4/10
  3244 | D:3      | Learned a level 3 spell: Summon Guardian Golem
  3349 | D:4      | Noticed Edmund
  3359 | D:4      | Noticed Eustachio
  3566 | D:4      | Noticed Pikel
  3580 | D:4      | HP: 4/41 [Pikel/+2 whip of freezing (9)]
  3593 | D:5      | Entered Level 5 of the Dungeon
  3976 | D:5      | Reached skill level 7 in Summonings
  3993 | D:5      | Reached XP level 7. HP: 30/46 MP: 3/11
  4140 | D:4      | HP: 7/46 [Pikel/+2 whip of freezing (5)]
  4142 | D:4      | Slain by Pikel

Illustrated notes

Levels and vault maps discovered:
D:1:      lightli_iron_boxes, layout_rooms, serial_shops,
          nicolae_shop_temple_entry_statues_fountains
D:2:      layout_loops_ring, basic_altar, uniq_robin, uniq_jessica
D:3:      wad_woods_stonehenge, layout_basic
D:4:      layout_cave_pods, uniq_pikel, uniq_eustachio, uniq_edmund
D:5:      layout_gridville, minmay_temple_entry_trees,
          kennysheep_generic_room_10
D:6:      layout_loops_ring, kennysheep_opposing_triangles

Skill      XL: |  1  2  3  4  5  6 |
---------------+-------------------+-----
Summonings     | 4 5 6 7 |  7.4
Dodging        | |  1.5
Stealth        | |  1.5
Spellcasting   | |  2.6

Action                     |  1- 3 |  4- 6 |  7- 9 || total
---------------------------+-------+-------+-------++-------
  Melee: Unarmed           |    18 |    36 |     6 ||    60
         Punch             |       |     2 |       ||     2
   Cast: Summon Small Mamm |    15 |     1 |       ||    16
         Call Imp          |    21 |    19 |     1 ||    41
         Call Canine Famil |     2 |    23 |     4 ||    29
         Summon Guardian G |       |     1 |       ||     1
    Use: Scroll            |     3 |     4 |       ||     7
   Stab: Distracted        |       |     1 |       ||     1
 Armour: Robe              |     2 |    27 |    34 ||    63
  Dodge: Dodged            |    19 |    39 |    63 ||   121

Table legend: (Time is in decaauts)
 A = Elapsed time spent in this place.
 B = Non-inter-level travel time spent in this place.
 C = Inter-level travel time spent in this place.
 D = Time resting spent in this place.
 E = Time spent auto-exploring this place.
 F = Levels seen in this place.
 G = Mean time per level.
                   A        B        C        D        E       F      G
               +--------+--------+--------+--------+--------+-----+--------+
         Total |   4143 |   4058 |     85 |    613 |   2489 |   6 |  690.5 |
       Dungeon |   4143 |   4058 |     85 |    613 |   2489 |   6 |  690.5 |
               +--------+--------+--------+--------+--------+-----+--------+

Top non-repeatable levels by time:
     D:3: 1634 daAuts
     D:2: 1157 daAuts
     D:1: 633 daAuts
     D:5: 428 daAuts
     D:4: 273 daAuts
     D:6: 15 daAuts

Levels and vault maps discovered:
D:1:      lightli_iron_boxes, layout_rooms, serial_shops,
          nicolae_shop_temple_entry_statues_fountains
D:2:      layout_loops_ring, basic_altar, uniq_robin, uniq_jessica
D:3:      wad_woods_stonehenge, layout_basic
D:4:      layout_cave_pods, uniq_pikel, uniq_eustachio, uniq_edmund
D:5:      layout_gridville, minmay_temple_entry_trees,
          kennysheep_generic_room_10
D:6:      layout_loops_ring, kennysheep_opposing_triangles

Table legend: (Time is in decaauts)
 A = Elapsed time spent in this place.
 B = Non-inter-level travel time spent in this place.
 C = Inter-level travel time spent in this place.
 D = Time resting spent in this place.
 E = Time spent auto-exploring this place.
 F = Levels seen in this place.
 G = Mean time per level.
                   A        B        C        D        E       F      G
               +--------+--------+--------+--------+--------+-----+--------+
         Total |   4143 |   4058 |     85 |    613 |   2489 |   6 |  690.5 |
       Dungeon |   4143 |   4058 |     85 |    613 |   2489 |   6 |  690.5 |
               +--------+--------+--------+--------+--------+-----+--------+

Top non-repeatable levels by time:
     D:3: 1634 daAuts
     D:2: 1157 daAuts
     D:1: 633 daAuts
     D:5: 428 daAuts
     D:4: 273 daAuts
     D:6: 15 daAuts

Table legend:
 A = Kills in this place as a percentage of kills in the entire game.
 B = Kills by you in this place as a percentage of kills by you in the entire game.
 C = Kills by friends in this place as a percentage of kills by friends in the entire game.
 D = Other kills in this place as a percentage of other kills in the entire game.
 E = Experience gained in this place as a percentage of experience gained in the entire game.
 F = Experience gained in this place divided by the number of levels of this place that you have seen.
                   A       B       C       D       E      F
               +-------+-------+-------+-------+-------+----------------------
         Total | 100.0 | 100.0 | 100.0 |   N/A | 100.0 | 152.7
       Dungeon | 100.0 | 100.0 | 100.0 |   N/A | 100.0 | 152.7
               +-------+-------+-------+-------+-------+----------------------
